 Dungeon Crawl Stone Soup version 0.29.1-2-gbd0b4ee654 (webtiles) character file.

Game seed: 5453529067275840385

36658 Tiocfaidh the Convoker (level 13, -1/83 HPs)
             Began as a Barachi Summoner on Nov 20, 2022.
             Was an Elder of Hepliaklqana.
             Killed from afar by a tengu conjurer (5 damage)
             ... with a bolt of lightning
             ... on level 15 of the Dungeon on Nov 21, 2022.
             The game lasted 01:44:48 (14868 turns).

Tiocfaidh the Convoker (Barachi Summoner)          Turns: 14868, Time: 01:44:49

Health: -1/83      AC: 15    Str: 10    XL:     13   Next: 91%
Magic:  27/40      EV: 14    Int: 26    God:    Hepliaklqana [****..]
Gold:   1173       SH:  9    Dex: 12    Spells: 28/40 levels left

rFire   . . .      SeeInvis +   C - +0 dagger (venom)
rCold   . . .      Faith    .   G - +0 kite shield
rNeg    . . .      Spirit   .   u - +1 robe {Will+}
rPois   .          Reflect  .   k - +2 helmet "Viothruero" {MP+9 Int+2}
rElec   +          Harm     .   q - +2 cloak
rCorr   +          Rampage  .   E - +0 pair of gloves
Will    +....                   N - +0 pair of boots
Stlth   +++.......              s - amulet of regeneration
HPRegen 1.03/turn               x - +4 ring of protection
MPRegen 0.27/turn               J - ring "Yfel" {rElec rCorr Int+3 SInv}

@: slow
A: reduced essence, amphibious, slowness 1, strong legs 2, +LOS
a: Hop, Renounce Religion, Recall Ancestor, Ancestor Identity, Transference,
Idealise


You were on level 15 of the Dungeon.
You worshipped Hepliaklqana.
Hepliaklqana was greatly pleased with you.
You visited 2 branches of the dungeon, and saw 16 of its levels.
You also visited: Sewer.

You collected 1301 gold pieces.
You spent 128 gold pieces at shops.

Inventory:

Hand Weapons
 e - a +2 short sword of speed
 C - a +0 dagger of venom (weapon)
Armour
 k - the +2 helmet "Viothruero" (worn) {MP+9 Int+2}
   (You found it in a sewer)

   Int:       It affects your intelligence (+2).
   MP:        It affects your magic capacity (+9).
 q - a +2 cloak (worn)
 u - a +1 robe of willpower (worn)
 E - a +0 pair of gloves (worn)
 G - a +0 kite shield (worn)
 N - a +0 pair of boots (worn)
Jewellery
 s - an amulet of regeneration (around neck)
 x - a +4 ring of protection (left hand)
 D - a +6 ring of strength
 F - a ring of see invisible
 J - the ring "Yfel" (right hand) {rElec rCorr Int+3 SInv}
   (You took it off a centaur on level 9 of the Dungeon)

   [ring of resist corrosion]

   Int:       It affects your intelligence (+3).
   rElec:     It insulates you from electricity.
   SInv:      It lets you see invisible.
   rCorr:     It protects you from acid and corrosion.
 K - a ring of ice
 M - an amulet of reflection
Wands
 c - a wand of charming (13)
 n - a wand of acid (7)
 o - a wand of roots (4)
 L - a wand of polymorph (10)
Scrolls
 f - a scroll of brand weapon
 g - a scroll of enchant armour
 l - 5 scrolls of magic mapping
 r - 4 scrolls of teleportation
 t - 3 scrolls of amnesia
 v - 3 scrolls of fog
 y - 4 scrolls of fear
 z - a scroll of silence
Potions
 b - 3 potions of magic
 d - 4 potions of flight
 h - 6 potions of curing
 i - 2 potions of resistance
 j - 6 potions of heal wounds
 m - 6 potions of brilliance
 p - a potion of berserk rage {unknown}
 w - 2 potions of might {unknown}
 A - 2 potions of haste {unknown}
 B - 5 potions of mutation {unknown}
 H - 2 potions of invisibility
Miscellaneous
 I - a condenser vane


   Skills:
 + Level 5.9 Fighting
 + Level 7.2 Short Blades
 + Level 1.4 Throwing
 + Level 9.1 Dodging
 + Level 6.5 Stealth
 + Level 4.3 Shields
 + Level 14.0 Spellcasting
 + Level 16.3 Summonings
 + Level 1.4 Evocations


You had 28 spell levels left.
You knew the following spells:

 Your Spells              Type           Power      Damage    Failure   Level
a - Summon Small Mammal   Summ           100%       N/A       0%          1
b - Call Imp              Summ           80%        N/A       0%          2
c - Call Canine Familiar  Summ           80%        N/A       1%          3
d - Summon Cactus Giant   Summ           40%        N/A       1%          6

Your spell library contained the following spells:

 Spells                   Type           Power      Damage    Failure   Level
 Summon Guardian Golem    Hex/Summ       57%        N/A       1%          3
 Summon Lightning Spire   Summ/Air       57%        N/A       3%          4
 Beastly Appendage        Tmut           36%        N/A       9%          1
 Foxfire                  Conj/Fire      72%        2x1d7     9%          1
 Sandblast                Erth           36%        2d10      9%          1
 Shock                    Conj/Air       72%        1d7       9%          1
 Ensorcelled Hibernation  Hex/Ice        36%        N/A       13%         2
 Passwall                 Tmut/Erth      15%        N/A       13%         2
 Scorch                   Fire           36%        2d7       13%         2
 Wereblood                Tmut           18%        N/A       13%         2
 Conjure Flame            Conj/Fire      18%        6-21      26%         3
 Inner Flame              Hex/Fire       18%        N/A       26%         3
 Portal Projectile        Hex/Tloc       36%        N/A       26%         3
 Spider Form              Tmut/Pois      18%        N/A       26%         3
 Stone Arrow              Conj/Erth      36%        3d9       26%         3
 Tukima's Dance           Hex            18%        N/A       26%         3
 Cause Fear               Hex            9%         N/A       65%         4
 Corpse Rot               Necr/Pois/Air  18%        N/A       65%         4
 Dispel Undead            Necr           18%        3d11      65%         4
 Flame Wave               Conj/Fire      18%        2d7       65%         4
 Leda's Liquefaction      Hex/Erth       9%         N/A       65%         4
 Conjure Ball Lightning   Conj/Air       9%         3x3d6     100%        6
 Death Channel            Necr           9%         N/A       100%        6
 Discord                  Hex            9%         N/A       100%        8
 Maxwell's Capacitive Co  Air            9%         ∞         100%        8


Dungeon Overview and Level Annotations

Branches:
Dungeon (15/15)            Temple (1/1) D:7            Lair (0/5) D:8
    Orc (0/2) D:9          Vaults (0/5) D:14          Sewer (visited)
 Depths: D:15

Altars:
Ashenzari
Cheibriados
Dithmenos
Elyvilon
Fedhas
Gozag
Hepliaklqana
Kikubaaqudgha
Nemelex Xobeh
Okawaru
Ru
Trog
Uskayaw
Vehumet
Wu Jian
Yredelemnul
The Shining One

Shops:
D:5 [   D:10 =   D:14 [?[([

Annotations:
D:11 3 runed translucent doors, Goucsema's ghost, novice FoHu


Innate Abilities, Weirdness & Mutations

Your life essence is reduced to manifest your ancestor. (-10% HP)
You are amphibious.
You cover ground slowly.
You can hop long distances.
You have an extended range of vision and can be seen from far away.


Message History

The tengu conjurer barely misses your crimson imp.
The cyan very ugly thing tentacle-slaps your warg!!
The cyan very ugly thing shocks your warg!!
Your warg dies!
Your warg's corpse disappears in a puff of smoke!
The rakshasa gestures at you.
The lance of force hits your crimson imp!
Your crimson imp dies!
Your crimson imp disappears in a puff of smoke!
A brown ugly thing comes into view.
The sentinel's mark upon you fades away.
The cyan very ugly thing attacks as you move away!
The cyan very ugly thing tentacle-slaps you!
The cyan very ugly thing shocks you! You resist.
The cyan very ugly thing tentacle-slaps you!
The cyan very ugly thing shocks you! You resist.
Casting: Call Canine Familiar (safe; 1% risk of failure)
Confirm with . or Enter, or press ? or * to list all spells.
The cyan very ugly thing tentacle-slaps you!
* * * LOW HITPOINT WARNING * * *
The cyan very ugly thing shocks you! You resist.
* * * LOW HITPOINT WARNING * * *
You swap places.
Your warg bites the cyan very ugly thing but does no damage.
The cyan very ugly thing tentacle-slaps your warg!!
The cyan very ugly thing shocks your warg!!
Your warg dies!
Your warg's corpse disappears in a puff of smoke!
The tengu conjurer gestures at you while chanting.
The bolt of lightning hits the cyan very ugly thing.
The cyan very ugly thing resists.
The bolt of lightning hits you! You resist.
* * * LOW HITPOINT WARNING * * *
The rakshasa reads a scroll.
Wisps of shadow swirl around the rakshasa.
The tengu conjurer casts a spell at you.
The bolt of lightning hits the cyan very ugly thing.
The cyan very ugly thing resists.
The bolt of lightning hits you. You resist.
* * * LOW HITPOINT WARNING * * *
The bolt of lightning hits you. You resist.
You die...

.......#......###
.......#.#..Q.R.#
#.##.###.######
#....#..Q.....#
######.#.###.##
#.#u#.#.#
#...#...##
###.#....#
#.@.#.## ###.#.#
#####.# #<....#
#######


You could see a cyan very ugly thing, a rakshasa and a tengu conjurer.

Vanquished Creatures
  3 centaur warriors
  2 two-headed ogres
  A tengu warrior (D:14)
  Nergalle (D:11)
  2 ugly things
  2 manticores
  A troll (D:14)
  8 yaks
  2 steam dragons
  2 vampire mosquitoes (D:11)
  An acid dragon (D:11)
  A water moccasin (D:8)
  A sky beast (D:4)
  An ice beast (D:5)
  An ogre (D:13)
  A black bear (D:5)
  4 centaurs
  A phantom (D:4)
  A bullfrog (D:8)
  A gnoll sergeant (D:7)
  2 necrophages
  3 killer bees
  2 howler monkeys
  An orc priest (D:10)
  2 hounds
  An iguana (D:4)
  A gnoll (D:7)
  3 worms
  2 dart slugs
  8 orcs
  4 bats
  3 endoplasms
  2 giant cockroaches
  5 goblins
  3 hobgoblins
  5 quokkas
  2 ball pythons (Sewer)
  2 frilled lizards
  5 kobolds
  5 rats
98 creatures vanquished.

Vanquished Creatures (collateral kills)
  A fire dragon (D:11)
  A boulder beetle (D:13)
  4 centaur warriors
  2 hydras
  5 two-headed ogres
  A tengu warrior (D:14)
  2 wizards (D:14)
  A mana viper (shapeshifter) (D:14)
  2 deep elf pyromancers (D:14)
  2 ugly things
  A manticore (D:13)
  The ghost of DemonSlayer the Firebug, a novice DsFE (D:7)
  3 cyclopes
  The ghost of Jingleheimer the Ruffian, a novice TrFi of Wu Jian (D:5)
  A gargoyle (D:11)
  A komodo dragon (D:11)
  An unseen horror (D:11)
  2 freezing wraiths
  3 tengu conjurers
  6 trolls
  3 meliai (D:13)
  3 slime creatures (D:13)
  19 yaks
  2 vampires
  2 wraiths
  2 wyverns
  5 vampire mosquitoes
  2 acid dragons
  A water moccasin (D:7)
  A nameless horror (D:13)
  3 orc warriors
  An ice beast (D:6)
  3 black bears
  2 ogres
  17 centaurs
  A boggart (D:11)
  5 kobold brigands
  3 bullfrogs
  A gnoll sergeant (D:6)
  4 scorpions
  3 wights (D:6)
  13 killer bees
  4 howler monkeys
  3 hounds
  2 jellies (D:7)
  3 orc priests
  An iguana (D:7)
  12 orc wizards
  8 gnolls
  4 adders
  A shadow imp (D:6)
  A white imp (D:6)
  An ufetubus (D:6)
  3 worms
  A dart slug (D:3)
  40 orcs
  A ball python (Sewer)
  4 endoplasms
  4 giant cockroaches
  8 goblins
  2 hobgoblins
  A jackal (D:5)
  5 quokkas
  3 bats
  5 frilled lizards
  29 kobolds
283 creatures vanquished.

Vanquished Creatures (others)
  A jelly (D:6)
  5 ancestors
  13 hexers
  An orc wizard (D:6)
  5 fungi (Sewer)
  3 plants (Sewer)
28 creatures vanquished.

Grand Total: 409 creatures vanquished

Notes
Turn   | Place    | Note
-------+----------+-------------------------------------------
     0 | D:1      | Tiocfaidh the Barachi Summoner began the quest for the Orb.
     0 | D:1      | Reached XP level 1. HP: 13/13 MP: 3/3
   261 | D:1      | Reached skill level 5 in Summonings
   554 | D:1      | Reached XP level 2. HP: 15/19 MP: 5/5
  1216 | D:1      | Learned a level 2 spell: Call Imp
  1422 | D:2      | Reached XP level 3. HP: 24/24 MP: 3/6
  1434 | D:2      | Learned a level 3 spell: Call Canine Familiar
  1983 | D:2      | Reached XP level 4. HP: 29/31 MP: 3/7
  2031 | D:2      | Reached skill level 1 in Short Blades
  2543 | D:2      | Found a faded altar of an unknown god.
  2597 | D:3      | Reached skill level 6 in Summonings
  2597 | D:3      | Reached XP level 5. HP: 35/36 MP: 3/9
  3047 | D:3      | Found a faded altar of an unknown god.
  3051 | D:3      | Found a white marble altar of Elyvilon.
  3644 | D:4      | Noticed an ogre
  3669 | D:4      | Killed an ogre
  3670 | D:4      | Reached skill level 1 in Throwing
  3670 | D:4      | Reached XP level 6. HP: 33/42 MP: 0/11
  3875 | D:4      | Reached skill level 1 in Fighting
  3938 | D:4      | Reached skill level 7 in Summonings
  3938 | D:4      | Reached XP level 7. HP: 40/48 MP: 9/13
  4214 | D:4      | Noticed a two-headed ogre
  4431 | D:4      | Killed a two-headed ogre
  4432 | D:4      | Reached skill level 5 in Spellcasting
  4432 | D:4      | Reached skill level 8 in Summonings
  4432 | D:4      | Reached XP level 8. HP: 56/56 MP: 6/16
  4814 | D:5      | Entered Level 5 of the Dungeon
  4951 | D:5      | Found Tarhunz's Dragon-Slaying Spoils.
  5039 | D:5      | Found a sacrificial altar of Ru.
  5039 | D:5      | Found a radiant altar of Vehumet.
  5055 | D:5      | Found a runed translucent gate.
  5078 | D:5      | Reached skill level 1 in Evocations
  5319 | D:5      | Noticed Jingleheimer's ghost (novice TrFi)
  5320 | D:5      | Found a runed translucent gate.
  5320 | D:5      | Found a runed translucent gate.
  5444 | D:5      | Reached skill level 9 in Summonings
  5561 | D:5      | Reached XP level 9. HP: 62/62 MP: 17/19
  5976 | D:5      | Killed Jingleheimer's ghost
  6142 | D:6      | Found a glowing drain.
  6152 | Sewer    | Entered a sewer
  6209 | Sewer    | Identified the +2 helmet "Viothruero" {MP+9 Int+2}
  6467 | D:6      | Reached skill level 10 in Summonings
  6948 | D:6      | Reached skill level 5 in Dodging
  7113 | D:7      | Reached XP level 10. HP: 70/70 MP: 22/22
  7272 | D:7      | Found a runed translucent door.
  7272 | D:7      | Noticed DemonSlayer's ghost (novice DsFE)
  7414 | D:7      | Reached skill level 5 in Short Blades
  7514 | D:7      | Noticed a two-headed ogre
  7524 | D:7      | Found a staircase to the Ecumenical Temple.
  7552 | D:7      | Killed a two-headed ogre
  7553 | D:7      | Reached skill level 11 in Summonings
  7588 | Temple   | Entered the Ecumenical Temple
  7600 | Temple   | Became a worshipper of Hepliaklqana the Forgotten
  7730 | D:7      | Found a glowing golden altar of the Shining One.
  7731 | D:7      | Noticed an angel
  7793 | D:7      | Found a basalt altar of Yredelemnul.
  7795 | D:7      | Noticed a profane servitor
  7859 | D:7      | Killed DemonSlayer's ghost
  7983 | D:8      | Found a staircase to the Lair.
  8144 | D:8      | Reached * piety under Hepliaklqana
  8181 | D:8      | Noticed a two-headed ogre
  8197 | D:8      | Killed a two-headed ogre
  8544 | D:9      | Reached XP level 11. HP: 64/70 MP: 24/24
  8608 | D:9      | Reached skill level 12 in Summonings
  8812 | D:9      | Found a staircase to the Orcish Mines.
  9107 | D:9      | Identified the ring "Yfel" {rElec rCorr Int+3 SInv}
  9126 | D:9      | Noticed a centaur warrior
  9145 | D:9      | Killed a centaur warrior
  9146 | D:9      | Reached skill level 10 in Spellcasting
  9424 | D:9      | Reached skill level 5 in Fighting
  9432 | D:10     | Entered Level 10 of the Dungeon
  9590 | D:10     | Got Sif Muna's Commentary on Shapeshifting and Hexing
  9648 | D:10     | Noticed a cyan ugly thing
  9684 | D:10     | Found Dohaterph's Jewellery Boutique.
  9852 | D:10     | Noticed a green ugly thing
  9852 | D:10     | Noticed a purple ugly thing
 10079 | D:10     | Reached skill level 1 in Shields
 10106 | D:10     | Reached ** piety under Hepliaklqana
 10115 | D:10     | Remembered your ancestor 69 Crimes as a hexer
 10604 | D:10     | Noticed a brown ugly thing
 10604 | D:10     | Noticed a green ugly thing
 10604 | D:10     | Noticed a cyan ugly thing
 10734 | D:11     | Reached skill level 5 in Stealth
 10787 | D:11     | Noticed a two-headed ogre
 10792 | D:11     | Killed a two-headed ogre
 10793 | D:11     | Reached skill level 13 in Summonings
 10976 | D:11     | Noticed a two-headed ogre
 11175 | D:11     | Noticed Nergalle
 11181 | D:11     | Found an opulent altar of Gozag.
 11184 | D:11     | Killed Nergalle
 11224 | D:11     | Found a runed translucent gate.
 11224 | D:11     | Found a runed translucent gate.
 11224 | D:11     | Found a runed translucent gate.
 11233 | D:11     | Noticed Goucsema's ghost (novice FoHu)
 11280 | D:11     | Noticed a manticore
 11286 | D:11     | Noticed a two-headed ogre
 11298 | D:11     | Killed a manticore
 11299 | D:11     | Reached XP level 12. HP: 32/77 MP: 27/27
 11662 | D:11     | Killed a two-headed ogre
 11880 | D:11     | Reached skill level 14 in Summonings
 11942 | D:11     | Found a shadowy altar of Dithmenos.
 11942 | D:11     | Killed a two-headed ogre
 12040 | D:11     | Noticed a five-headed hydra
 12054 | D:11     | Killed a five-headed hydra
 12212 | D:11     | Learned a level 6 spell: Summon Cactus Giant
 12223 | D:11     | Noticed a four-headed hydra
 12245 | D:11     | Noticed a fire dragon
 12247 | D:11     | Got the Precepts of the Nimbus and the Assassin
 12261 | D:11     | Killed a fire dragon
 12405 | D:12     | Identified the +4 chain mail of Rihuub {Int+3}
 12442 | D:12     | Reached *** piety under Hepliaklqana
 12530 | D:12     | Noticed a two-headed ogre
 12603 | D:12     | Killed a two-headed ogre
 12789 | D:12     | Gained mutation: You can hop long distances. [Barachi
                  | growth]
 12789 | D:12     | Reached XP level 13. HP: 83/83 MP: 29/29
 12801 | D:12     | Reached skill level 15 in Summonings
 13245 | D:13     | You fall into a shaft and drop 1 floor!
 13250 | D:14     | Found Citodgh's Armour Shop.
 13258 | D:14     | Found Tomiq's Armour Boutique.
 13259 | D:14     | Found Roxtilyi's Armour Shop.
 13562 | D:13     | Reached **** piety under Hepliaklqana
 13923 | D:13     | Found the +3 hat of Pondering {ponderous, Will+ MP+10
                  | Int+5}
 14358 | D:14     | Reached skill level 16 in Summonings
 14512 | D:14     | Found Voopn's Magic Scroll Shoppe.
 14521 | D:14     | Bought a scroll of identify for 32 gold pieces
 14521 | D:14     | Bought a scroll of identify for 32 gold pieces
 14521 | D:14     | Bought a scroll of identify for 32 gold pieces
 14521 | D:14     | Bought a scroll of identify for 32 gold pieces
 14532 | D:14     | Found Iczof's Antique Weapon Boutique.
 14615 | D:14     | Found a gate to the Vaults.
 14793 | D:15     | Entered Level 15 of the Dungeon
 14848 | D:15     | Noticed a cyan very ugly thing
 14852 | D:15     | Noticed a rakshasa
 14868 | D:15     | HP: 4/83 [tengu conjurer/bolt of lightning (6)]
 14868 | D:15     | Killed from afar by a tengu conjurer

Illustrated notes

Levels and vault maps discovered:
D:1:      dpeg_arrival_windows_large_door, layout_loops_ring,
          minmay_misc_feat_five
D:2:      layout_basic, dreamdust_ecumenical_altar_hidden_monk_grotto
D:3:      layout_basic, nicolae_overflow_ecumenical_swirl
D:4:      layout_cave_pods, supply_closet_lemuel, minmay_ogre_servants
D:5:      layout_basic, jmf_multi_god_temple, gammafunk_ghost_split,
          nicolae_shop_dragon_depot, grunt_decor_junction
D:6:      layout_basic, gup_sewer_entry_pipe, kennysheep_minor_cross
D:7:      minmay_angry_zag, layout_rooms, grunt_temple_overflow_holy_war,
          minmay_temple_entry_drinking_statues, gammafunk_ghost_grave
D:8:      layout_basic, lair_entry_dummy
D:9:      minmay_ornate_pinched, layout_long_grid
D:10:     cheibrodos_breeding_chamber, layout_stronghold, serial_shops, shop
D:11:     hangedman_cross_cluster, layout_loops_cross,
          gammafunk_ghost_necromancy, grunt_gozag_breadcrumbs, uniq_nergalle
D:12:     layout_basic
D:13:     layout_irregular_city, grunt_ogre_cave
D:14:     layout_cave_pools, david_vaults_1, small_statue_alley_a, serial_shops,
          kennysheep_mini, shop, shop, shop, nicolae_shop_trees
D:15:     gammafunk_enter_depths_forms, layout_basic, serial_curves,
          eino_curves_02, eino_curves_02, minmay_mirror_moons_of_madness,
          uniq_kirke
Temple:   nicolae_temple_bog_church

Skill      XL: |  1  2  3  4  5  6  7  8  9 10 11 12 13 |
---------------+----------------------------------------+-----
Summonings     | 5 6 7 8 9 10 11 13 14 16 | 16.3
Stealth        | 2 3 4 5 6 |  6.5
Short Blades   | 1 3 4 6 7 |  7.2
Dodging        | 3 4 5 7 8 9 |  9.1
Spellcasting   | 3 4 5 6 8 9 11 12 14 | 14.0
Throwing       | 1 |  1.4
Fighting       | 1 2 3 4 5 |  5.9
Evocations     | 1 |  1.4
Shields        | 2 3 4 |  4.3

Action                   |  1- 3 |  4- 6 |  7- 9 | 10-12 | 13-15 || total
-------------------------+-------+-------+-------+-------+-------++-------
Melee: Short sword       |    60 |    93 |   134 |   190 |       ||   477
       Punch             |       |     1 |     4 |     3 |       ||     8
       Dagger            |       |       |       |   135 |    44 ||   179
Throw: Javelin           |     4 |       |       |     1 |       ||     5
       Boomerang         |       |     7 |     1 |       |       ||     8
 Cast: Summon Small Mamm |    10 |     1 |     1 |       |       ||    12
       Call Imp          |     2 |     7 |    21 |    53 |    22 ||   105
       Call Canine Famil |     4 |    19 |    33 |    52 |    25 ||   133
       Summon Cactus Gia |       |       |       |     5 |    24 ||    29
Invok: Ancestor Identity |       |       |       |     5 |       ||     5
       Recall Ancestor   |       |       |       |     3 |     1 ||     4
       Ancestor Life: He |       |       |       |     1 |       ||     1
Evoke: Wand              |       |       |     4 |     1 |     2 ||     7
  Use: Scroll            |       |       |     4 |    15 |    12 ||    31
 Stab: Sleeping          |     3 |     1 |     1 |       |       ||     5
       Distracted        |       |       |     2 |    12 |     3 ||    17
       Confused          |       |       |       |     3 |     4 ||     7
Armor: Robe              |    12 |     8 |    54 |   108 |    46 ||   228
Dodge: Dodged            |    32 |    53 |   142 |   180 |    64 ||   471
Block: Kite shield       |       |       |       |   100 |    66 ||   166
